Map: Impero eterno LE

Players

Kore - Winner!

  • Race: Zerg Zerg
  • League: Diamond
  • Spawn Location: 1:00

Kratos

  • Race: Protoss Protoss
  • League: Gold
  • Spawn Location: 7:00

VOD

Have the link to the VOD?

Description

Time

  • Played on: April 18, 2020, 6:15 p.m.
  • Length: 5:21
Show
View Real Time Build Order
Export as new Build Order

Kore Zerg - Winner!

Build Orders: Pool Only 

Get SALT Encoding   

  12  0:01  Drone  
  13  0:08  Drone  
  14  0:15  Extractor  
  14  0:18  Overlord  
  13  0:36  Spawning Pool  
  13  0:41  Drone  
  13  0:46  Drone  
  14  0:52  Drone  
  15  0:58  Drone  
  16  1:05  Extractor  
  16  1:07  Drone  
  16  1:30  Drone x2, Roach Warren  
  17  1:35  Drone  
  18  1:46  Overlord  
  20  2:10  Roach x2  
  20  2:12  Queen  
  24  2:30  Roach x2  
  28  2:40  Roach  
  30  2:53  Overlord  
  30  3:04  Overlord  
  30  3:12  Roach  
  32  3:28  Ravager x2  
  32  3:34  Roach x3  
  40  3:37  Ravager x2  
  37  4:51  Overlord x2  
Show
View Real Time Build Order
Export as new Build Order

Kratos Protoss 

Build Orders:  

Get SALT Encoding   

  12  0:01  Probe  
  13  0:13  Probe  
  14  0:22  Pylon  
  14  0:26  Probe  
  15  0:40  Probe  
  16  0:45  Gateway  
  16  0:52  Probe  
  16  0:56  Assimilator  
  17  1:04  Probe  
  18  1:38  Cybernetics Core  
  18  1:50  Gateway  
  18  1:59  Pylon  
  18  2:09  Probe  
  18  2:10  Assimilator  
  18  2:11  Adept  
  18  2:13  Warp Gate (Chrono Boost)  
  19  2:21  Probe  
  22  2:34  Pylon  
  22  2:40  Probe (Chrono Boost)  
  23  2:49  Stalker  
  23  2:50  Probe (Chrono Boost), Stalker  
  28  2:55  Gateway, Probe (Chrono Boost)  
  28  2:57  Gateway  
  29  3:05  Robotics Facility  
  29  3:15  Shield Battery  
  29  3:40  Nexus  
  29  3:55  Stalker x2  
  27  4:11  Zealot x2  
  27  4:25  Sentry  
  27  4:34  Stalker  
  27  4:35  Stalker  
  23  4:59  Zealot x2  
Tags
 
Add a new tag
Caveats
  • Supply blocks, unpowered buildings, or Contaminate may cause inaccurate times.
  • Supply counts are checked every 10 seconds.